bene bene bene, chaotic female elven Rogue ---- ---- ----|..| |..|------ |(%.-..----..|.)!!?| |.(.|....|...-%?%((| -- ---- |.].|........|.=!%%| |. |.. -----..`.....-------+-- |#+-#+- |...........^........|.....| -...........-+-----+-|.....| -...---|---.%| |(.| |.....| | --+---- -....|.....|..| |..| |-|------ ??| }}...........| ......|(....|..----|-----.............}}}}}}}..........- |.#....|.._..|............^....@--+--- }}}-+---+- .....|.....|...------%........| | -..#..--------..-.%.(|.....----- --. .. ---|....|.....-..| -.----... ----------.....|..| |.....................|--- ----------------------- bene bene bene the Rogue Experience level: 7 Strength: 14 Dexterity: 17 Constitution: 14 Intelligence: 11 Wisdom: 12 Charisma: 14 Health: 0(46) Energy: 32(32) Def: 6 Gold: 0 Moves: 6078 Dungeon seed: CWB4Cn0UW0Gxzt0Q Game ID: bene bene bene_1531298706 Your Inventory: Amulets P - an uncursed amulet of reflection (being worn) Weapons a - a blessed +4 elven dagger named Mighty Dagger (weapon in hand) t - 11 uncursed +0 elven daggers (in quiver) C - 3 uncursed +0 daggers K - a blessed +1 dagger L - an uncursed +0 elven dagger W - a blessed +9 elven spear named go home, rng, you're drunk Armor e - an uncursed +1 leather armor (being worn) n - an uncursed +0 pair of jumping boots (being worn) y - an uncursed +0 dwarvish iron helm (being worn) Comestibles s - an uncursed lizard corpse Scrolls T - an uncursed scroll of light Rings w - an uncursed +1 ring of adornment (on left hand) Wands d - an uncursed wand of lightning (0:5) g - an uncursed wand of light (0:13) h - an uncursed wand of opening (0:3) l - an uncursed wand of teleportation (0:3) u - an uncursed wand of digging (0:5) v - an uncursed wand of locking (0:5) G - an uncursed wand of magic missile (0:4) M - an uncursed wand of nothing (0:5) Tools b - a blessed bag of holding c - an uncursed oil lamp (0:1168) o - an uncursed lock pick B - an uncursed blindfold Gems q - an uncursed worthless piece of blue glass r - an uncursed worthless piece of white glass z - an uncursed touchstone Contents of the bag of holding: 833 gold pieces an uncursed amulet of life saving 2 [uncursed] eucalyptus leaves 4 [uncursed] food rations 3 [uncursed] lembas wafers 2 [uncursed] sprigs of wolfsbane an uncursed scroll of blank paper an uncursed scroll of earth 2 uncursed scrolls of enchant weapon a cursed scroll of gold detection a blessed scroll of light an uncursed potion of booze a blessed potion of full healing a blessed potion of hallucination 2 uncursed potions of hallucination a potion of holy water an uncursed potion of polymorph 2 potions of unholy water an uncursed ring of fire resistance an uncursed [+1] ring of protection an uncursed ring of protection from shape changers an uncursed ring of slow digestion an uncursed ring of sustain ability a [uncursed] tallow candle [0:200] 6 [blessed] wax candles [0:400] Spells and supernatural/magical abilities: Name Level Category Fail Memory W - pray for help -- divine ? -- Y - supernatural jump -- ability ? -- Your skills at the end: Miscellaneous Skills wands [Basic] Weapon Skills dagger [Basic] short sword [Basic] spear [Basic] Spellcasting Skills Final Attributes: You were piously aligned. You were sleep resistant. You were poison resistant. Your writing hand was thoroughly cramped from overuse. You had infravision. You were adorned. You were stealthy. You could jump. You had reflection. You are dead. Vanquished creatures: a ghost a giant mimic a lizard a gnome king a dog 2 dingos a dust vortex a raven a yellow light a baby crocodile a wood nymph a shrieker 6 gnome lords a gnomish wizard a kobold mummy a red naga hatchling 2 black naga hatchlings 2 guardian naga hatchlings a gray ooze an elf zombie a kitten 4 dwarves an iguana 2 hill orcs 5 rothes a centipede 2 jitterbugs a monkey 2 killer bees 5 coyotes 2 hobbits 2 large kobolds 3 geckos 2 hobgoblins 2 giant rats 3 cave spiders 2 yellow molds 3 red molds 15 gnomes 2 manes 2 jackals a fox 3 kobolds 10 newts 5 goblins 4 sewer rats 7 grid bugs 2 bats 7 lichens 8 kobold zombies 137 creatures vanquished. Voluntary challenges: You did not cause conflict. You were not invisible. You did not have reflection until turn 4494. You were not displaced. You used a wielded weapon 170 times, starting on turn 93. You did not apply a unicorn horn. You did not use plumbed fixtures. You did not drink any magical draughts. You read items or engraved 20 times, starting on turn 1356. You never genocided any monsters. You never polymorphed an object. You never changed form. You cheated 1 time but completed Sokoban on turn 4363. You used no wishes. You never split a pudding. You wrote Elbereth's name 3 times, starting on turn 2845. You never violated your personal moral code. Dungeon overview: The Dungeons of Doom: levels 1 to 6 Level 1 a long staircase Level 2 (tesoro) a delicatessen stairs to The Gnomish Mines Level 3 (Tesoro) a general store, some fountains Level 4 a fountain Level 5 some fountains Level 6 an altar to Kos stairs to Sokoban The Gnomish Mines: levels 3 to 5 Level 3 stairs to The Dungeons of Doom Level 4 Level 5 <- You were here some shops, a temple to Issek, a magic chest, some trees Sokoban: levels 2 to 5 Level 2 a magic chest Level 3 a delicatessen, a magic chest Level 4 Level 5 a magic chest stairs to The Dungeons of Doom History has recorded: On T:1 you entered the Dungeons of Doom to retrieve the Amulet of Yendor! On T:330 you reached level 2 of The Dungeons of Doom. On T:563 you reached level 3 of The Dungeons of Doom. On T:696 you advanced to experience level 2. On T:736 you advanced to experience level 3. On T:943 you reached level 4 of The Dungeons of Doom. On T:1094 you advanced to experience level 4. On T:1197 you reached level 5 of The Dungeons of Doom. On T:1217 you prayed to Kos. On T:1328 you advanced to experience level 5. On T:1468 you reached level 6 of The Dungeons of Doom. On T:1543 you reached level 4 of Sokoban. On T:1596 you advanced to experience level 6. On T:1615 you opened a magic chest. On T:2068 you reached level 3 of Sokoban. On T:2300 you reached level 2 of Sokoban. On T:2783 you reached level 1 of Sokoban. On T:3097 you advanced to experience level 7. On T:4363 you entered the Sokoban zoo. On T:5002 you prayed to Kos. On T:5520 you reached level 1 of The Gnomish Mines. On T:5728 you reached level 2 of The Gnomish Mines. On T:5751 you reached level 3 of The Gnomish Mines. On T:5957 you entered the Minetown temple Score breakdown: Gold: 833 ( 83 points) Experience: 7 levels ( 600 points) Exploration: 6 levels ( 150 points) Discoveries: 38 items ( 1900 points) Variety of kills: 50 monsters ( 2000 points) Major goal: finished Sokoban ( 1000 points) Survival: died (score multiplied by 3) Total score: 17199 Latest messages: Something misses. You stab something. Something pecks! (2x) You stab something. Something just misses! (2x) You kill it! You attack thin air. You sense a monster nearby! (2x) You can see again. You stop searching. You see here a raven corpse. You finish searching. (2x) "How dare you dig into my shop?" Ouiatchouane zaps a wand of magic missile! The magic missile hits you! But it is disrupted by your medallion! Ouiatchouane is caught in the magical blast! Ouiatchouane zaps a wand of magic missile! The magic missile hits you! But it is disrupted by your medallion! Ouiatchouane is caught in the magical blast! Ouiatchouane resists the magical blast! Ouiatchouane looks at your corpse, shakes her head, and disappears. Final status: Goodbye bene bene bene the Rogue, killed by a magical blast... You died in The Gnomish Mines on dungeon level 5 with 17199 points, and 833 pieces of gold, after 6078 moves. You were level 7 with a maximum of 46 hit points when you died.